Unix NetHack Version 3.7.0-66 Work-in-progress - last build Nov 25 2022 02:21:47 (a67c8fbd212c6e9cfe3af09653023564b5ba1bad,branch:master). Game began 2022-12-03 09:24:08, ended 2022-12-03 10:36:08. elenmirie, neutral female gnomish Ranger ..---- ..|..| ----. ------ --- --...| --.|.... |.%..| --.-- ---- --- |...-- --...<... |.|..| |...| |..-- |.-- |..-| --.....--- ---|.|..| |...-- ----...| |..| --..|.......-------------..|.|..| ---..| |.....-- --..-----.........%...*......%......|..| --.-- --..a@-- |..................--------------...|..| --- ---..| |.....-- --...........*...--|..---- |..-|..-- --.-------....| |.|....-- |-.....----.....| |.....-- |.--|...-- |)..||.....-..-- |.|--...| --......| |.....| --.....--- |..... |...||.----....|----.| --.-- |*.....-- |-....|--|.......| |..... ---.---.| --...--....| -- |....--- |...--|..|.......| |...--- ---- |.......| --......---- ---.-- ----...| |......--.-- --....----..---.----..| |......-- --- --......---.....-|--- |-...........%.| --.| |......| |................--- |....----------- ---.-----...--- |...^..............-- |.....| |.....| --..| |.......|...........| |.....| --....| |..| --.---.---^--.|..|.-- --.|.-- ------ --- --- --- ----------- ----- Elenmirie the Trailblazer St:18/14 Dx:10 Co:15 In:13 Wi:14 Ch:7 Neutral Dlvl:5 $:961 HP:0(46) Pw:41(41) AC:1 Xp:7/657 T:3635 Latest messages: In what direction? y You kill the fire ant! Welcome to experience level 7. You feel stealthy! c - 17 uncursed +2 crossbow bolts (in quiver pouch) (43 in total). Where do you want to travel to? (For instructions type a '?') b - an uncursed +1 crossbow (weapon in hand). a - an uncursed +1 dagger (weapon in hand). b - an uncursed +1 crossbow (alternate weapon; not wielded). You miss the cave spider. You kill the cave spider! You see here a scroll labeled ZLORFIK. I - a scroll labeled ZLORFIK. You find an anti-magic field. You see here a violet gem. You see here 2 yellowish brown gems. You stumble into a spider web! You disentangle yourself. b - an uncursed +1 crossbow (weapon in hand). a - an uncursed +1 dagger (alternate weapon; not wielded). In what direction? h The crossbow bolt hits the floating eye! In what direction? h You shoot 3 crossbow bolts. The 1st crossbow bolt hits the floating eye! You kill the floating eye! You swap places with the peaceful dwarf. c - 2 uncursed +2 crossbow bolts (in quiver pouch) (41 in total). c - 2 uncursed +2 crossbow bolts (in quiver pouch) (43 in total). Pick an object. You climb up the stairs. You stop searching. b - an uncursed +1 crossbow (weapon in hand). In what direction? h The crossbow bolt hits the soldier ant! The soldier ant bites! The soldier ant stings! The soldier ant misses! The soldier ant stings! In what direction? h The crossbow bolt misses the soldier ant. The soldier ant bites! The soldier ant stings! You die... Do you want your possessions identified? [ynq] (y) y Do you want to see your attributes? [ynq] (y) y Do you want an account of creatures vanquished? [ynaq] (y) y Do you want to see your conduct and achievements? [ynq] (y) y Do you want to see the dungeon overview? [ynq] (y) y Inventory: Coins $ - 961 gold pieces Weapons c - 41 uncursed +2 crossbow bolts (in quiver pouch) d - 31 uncursed +0 crossbow bolts v - a blessed +1 bow b - an uncursed +1 crossbow (weapon in hand) w - an uncursed +2 dagger a - an uncursed +1 dagger (alternate weapon; not wielded) E - an uncursed +0 dagger X - 2 uncursed +0 elven daggers Armor D - an uncursed +0 orcish helm (being worn) e - an uncursed +2 cloak of displacement (being worn) r - an uncursed +0 cloak of protection t - an uncursed +0 studded leather armor (being worn) Comestibles f - 5 uncursed cram rations C - an uncursed cram ration h - 2 uncursed food rations H - 2 uncursed sprigs of wolfsbane l - 2 uncursed tripe rations L - an uncursed lizard corpse Scrolls p - an uncursed scroll of amnesia S - an uncursed scroll of blank paper j - an uncursed scroll of confuse monster m - an uncursed scroll of create monster I - an uncursed scroll of destroy armor F - an uncursed scroll of enchant weapon y - an uncursed scroll of food detection Potions Z - an uncursed potion of confusion U - an uncursed potion of object detection Rings G - an uncursed ring of aggravate monster A - a blessed +2 ring of protection (on right hand) Wands q - an uncursed wand of probing (0:3) V - an uncursed wand of secret door detection (0:11) k - an uncursed wand of speed monster (0:3) Tools n - an uncursed bugle g - an uncursed leash u - an uncursed oil lamp i - 3 cursed tallow candles x - an uncursed towel Gems/Stones W - 2 uncursed flint stones Elenmirie the Ranger's attributes: Background: You were a Trailblazer, a level 7 female gnomish Ranger. You were neutral, on a mission for Venus who was opposed by Mercury (lawful) and Mars (chaotic). You were in the Gnomish Mines, on level 5. You entered the dungeon 3635 turns ago. You had 657 experience points, 623 more were needed to attain level 8. Basics: You had 0 out of 46 hit points. You had all 41 energy points (spell power). Your armor class was 1. Your wallet contained 961 zorkmids. Autopickup was on for '$' plus thrown. Final Characteristics: Your strength was 18/14 (limit:18/50). Your dexterity was 10 (limit:18). Your constitution was 15 (limit:18). Your intelligence was 13 (limit:19). Your wisdom was 14 (limit:18). Your charisma was 7 (limit:18). Final Status: You were not hungry. You were unencumbered. You were wielding a crossbow. You had basic skill with crossbow. Final Attributes: You were piously aligned. You were telepathic. You had automatic searching. You had infravision. You were displaced. You were stealthy. You had a small defense bonus (+2). You were guarded. You were fast. You are dead. Miscellaneous: You never encountered a bones level. Total elapsed playing time was 1 hour, 11 minutes and 56 seconds. Major events: Turn 1: elenmirie the neutral female gnomish Ranger entered the dungeon 1585: attained the rank of Lookout (level 3) 1983: entered the Gnomish Mines 2657: attained the rank of Trailblazer (level 6) 3635: killed by a soldier ant Vanquished creatures: a large mimic 2 small mimics 2 wolves a leprechaun a lizard a fire ant 3 bugbears a mountain nymph 2 rock piercers 3 violet fungi a straw golem a paper golem a giant ant a little dog 2 floating eyes a dwarf a homunculus 3 rothes a werejackal an iguana a killer bee 2 gas spores 3 hobbits 10 manes a giant rat 3 cave spiders a brown mold a red mold 3 gnomes a garter snake 7 geckos 2 jackals a fox 2 kobolds a goblin 9 grid bugs 6 lichens a kobold zombie 4 newts 89 creatures vanquished. No species were genocided or became extinct. Voluntary challenges: You read items or engraved 2 times. You never engraved Elbereth. You never genocided any monsters. You never polymorphed an object. You never changed form. You used no wishes. Achievements: You entered a shop. You attained the rank of Lookout. You entered the Gnomish Mines. You attained the rank of Trailblazer. The Dungeons of Doom: levels 1 to 5 Level 1: A fountain, some sinks. Level 2: Many altars. Level 3: A general store, some fountains. Level 4: A health food store. Stairs down to The Gnomish Mines. Level 5: An altar, a fountain, a grave. The Gnomish Mines: levels 5 to 7 Level 5: <- You were here. Final resting place for you, killed by a soldier ant. Level 6: Level 7: Game over: ---------- / \ / REST \ / IN \ / PEACE \ / \ | elenmirie | | 961 Au | | killed by a | | soldier ant | | | | | | 2022 | *| * * * | * _________)/\\_//(\/(/\)/\//\/|_)_______ Goodbye elenmirie the Ranger... You died in The Gnomish Mines on dungeon level 5 with 3803 points, and 961 pieces of gold, after 3635 moves. You were level 7 with a maximum of 46 hit points when you died.